 Dungeon Crawl Stone Soup version 0.29.1-15-g9cfb28693d (webtiles) character file.

Game seed: 5466752711971685209

198 GigaChad the Chopper (level 5, -5/41 HPs)
             Began as a Demonspawn Gladiator on Mar 14, 2023.
             Slain by an iguana (6 damage)
             ... on level 5 of the Dungeon.
             The game lasted 00:02:29 (3010 turns).

GigaChad the Chopper (Demonspawn Gladiator)         Turns: 3010, Time: 00:02:30

Health: -5/41      AC:  5    Str: 16    XL:     5   Next: 47%
Magic:  5/5        EV:  7    Int:  9    God:
Gold:   118        SH:  0    Dex: 13    Spells: 4/4 levels left

rFire   . . .      SeeInvis .   a - +1 war axe
rCold   . . .      Faith    .   (no shield)
rNeg    . . .      Spirit   .   h - +0 chain mail
rPois   .          Reflect  .   c - +0 helmet
rElec   .          Harm     .   (no cloak)
rCorr   .          Rampage  .   (no gloves)
Will    .....                   (no boots)
Stlth   ..........              (no amulet)
HPRegen 0.13/turn               (no ring)
MPRegen 0.09/turn               (no ring)

@: no status effects
A: spiny 1, talons 1, clumsy 1, deformed body
a: no special abilities


You were on level 5 of the Dungeon.
You visited 1 branch of the dungeon, and saw 4 of its levels.

You collected 118 gold pieces.

Inventory:

Hand Weapons
 a - a +1 war axe (weapon)
Missiles
 d - 3 throwing nets (quivered)
 e - a javelin
Armour
 b - a +0 leather armour
 c - a +0 helmet (worn)
 f - a +0 scale mail
 h - a +0 chain mail (worn)
Jewellery
 j - a ring of magical power
Scrolls
 g - a scroll of amnesia
 i - a scroll of identify
 l - a scroll of teleportation
 m - a scroll of enchant armour {unknown}
Potions
 k - a potion of curing


   Skills:
 + Level 3.4 Fighting
 + Level 4.2 Axes
 + Level 1.9 Throwing
 + Level 1.4 Armour
 + Level 3.1 Dodging
 + Level 0.1 Stealth


You had 4 spell levels left.
You didn't know any spells.
Your spell library was empty.

Dungeon Overview and Level Annotations

Branches:
Dungeon (3/15)

Altars:
Ashenzari


Innate Abilities, Weirdness & Mutations

You are partially covered in sharp spines.
You have sharp toenails.
You are clumsy. (Dex -2)
Armour fits poorly on your strangely shaped body.


Message History

You start resting.
HP restored.
You start waiting.
Done waiting.
You start waiting.
Done waiting.
An ufetubus comes into view.
The ufetubus shouts!
An ufetubus is nearby!
You slash the ufetubus!
You kill the ufetubus!
No target in view!
An iguana comes into view.
The iguana hisses angrily.
An iguana is nearby!
An iguana is nearby!
An iguana comes into view.
The iguana hisses angrily.
Found 5 gold pieces.
The iguana bites you!
You hit the iguana. You claw the iguana, but do no damage.
The iguana is lightly wounded.
The iguana bites you!
You barely miss the iguana. You claw the iguana!
The iguana is heavily wounded.
You hit the iguana but do no damage. The iguana bites you.
The iguana bites you!
You are too injured to fight recklessly!
You are too injured to fight recklessly!
You are too injured to fight recklessly!
Unknown command.
You barely miss the iguana.
The iguana is heavily wounded.
You hit the iguana but do no damage. The iguana bites you.
* * * LOW HITPOINT WARNING * * *
The iguana bites you!
* * * LOW HITPOINT WARNING * * *
You hit the iguana. You claw the iguana.
You kill the iguana!
You barely miss the iguana. The iguana bites you.
You die...

#####.#### ##
#........#####.....
#...................
#...................
.....................
...#.................
......l..............
......†@.............
...................#
......#.#.###...###.
#....##.#.##.###.#
..... ..#.#...# .#
#... ####.#...# # ...
..#...# .# #.$
####.###.#
###########...##


You could see an iguana.

Vanquished Creatures
  A scorpion (D:5)
  An iguana (D:5)
  An orc wizard (D:3)
  4 adders
  2 ufetubi (D:5)
  A worm (D:2)
  A dart slug (D:2)
  7 orcs (D:3)
  4 ball pythons (D:1)
  5 bats
  An endoplasm (D:1)
  4 goblins (D:1)
  5 hobgoblins
  5 quokkas
  5 frilled lizards
  5 kobolds
  4 rats
56 creatures vanquished.

Notes
Turn   | Place    | Note
-------+----------+-------------------------------------------
     0 | D:1      | GigaChad the Demonspawn Gladiator began the quest for the
                  | Orb.
     0 | D:1      | Reached XP level 1. HP: 16/16 MP: 1/1
   301 | D:1      | Gained mutation: You are partially covered in sharp spines.
                  | [demonic ancestry]
   301 | D:1      | Reached XP level 2. HP: 22/22 MP: 2/2
   396 | D:1      | Reached skill level 3 in Axes
   496 | D:1      | Found a faded altar of an unknown god.
   895 | D:1      | Reached XP level 3. HP: 28/28 MP: 3/3
  1198 | D:2      | Gained mutation: Armour fits poorly on your strangely
                  | shaped body. [potion of mutation]
  1198 | D:2      | Gained mutation: You are clumsy. (Dex -2) [potion of
                  | mutation]
  1198 | D:2      | Gained mutation: You have sharp toenails. [potion of
                  | mutation]
  1277 | D:2      | Found a broken altar of Ashenzari.
  2100 | D:3      | Reached XP level 4. HP: 31/34 MP: 4/4
  2368 | D:3      | You fall into a shaft and drop 2 floors!
  2368 | D:5      | Entered Level 5 of the Dungeon
  2480 | D:5      | Reached skill level 4 in Axes
  2581 | D:5      | Noticed a scorpion
  2589 | D:5      | Killed a scorpion
  2590 | D:5      | Reached skill level 1 in Armour
  2590 | D:5      | Reached XP level 5. HP: 6/41 MP: 5/5
  3009 | D:5      | HP: 1/41 [iguana (11)]
  3010 | D:5      | Slain by an iguana

Illustrated notes

Levels and vault maps discovered:
D:1:      saegor_arrival_miasma, layout_basic,
          hellmonk_ecumenical_altar_pennies_from_heaven, minmay_pentomino_t2
D:2:      layout_loops_corners, basic_altar, solitary_fountain
D:3:      layout_basic, minmay_misc_feat_square
D:5:      nicolae_cairo_tiling, layout_basic, kennysheep_mini

Skill      XL: |  1  2  3  4 |
---------------+-------------+-----
Dodging        | 3 |  3.1
Axes           | 3 4 |  4.2
Fighting       | 3 |  3.4
Armour         | 1 |  1.4
Throwing       | |  1.9
Stealth        | |  0.1

Action                   |  1- 3 |  4- 6 || total
-------------------------+-------+-------++-------
Melee: War axe           |    84 |    28 ||   112
       Punch             |     3 |     1 ||     4
       Kick              |     2 |     6 ||     8
  Use: Scroll            |     4 |       ||     4
       Potion            |     1 |     1 ||     2
Armor: Leather armour    |     9 |       ||     9
       Scale mail        |     5 |       ||     5
       Chain mail        |     5 |     9 ||    14
Dodge: Dodged            |    53 |     8 ||    61
